AoeStats
← Ndrangheta

Nomad

510658973Analyzed
2v2 RM · 1d ago on Oct 2, 2026· 35m 43s· 4 players
Game mode
Random Map
Map size
176×176
Population
200
Speed
Normal
Resources
Standard
Victory
Conquest
Starting age
Dark Age
Ending age
Imperial Age
RankedLock teamsTeams togetherTeam positionsShared explorationLock speedFull tech treeHidden civsTurbo modeCheats
Victory
Defeat
🇨🇱 Spanish · Chile
1394
+14
🇧🇷 Dravidians · Brazil
1369
+15
🇦🇷 Danes · Argentina
1376
-15
🇦🇷 Varangians · Argentina
1340
-14
Caña con ruda
3:52 Loom
12:27 Feudal Age
17:16 Castle Age
16:50 Scale Mail Armor
16:56 Double-Bit Axe
18:22 Bow Saw
20:39 Squires
20:57 Gambesons
24:41 Chain Mail Armor
24:53 Fletching
25:04 Padded Archer Armor
26:01 Elite Skirmisher
26:39 Bodkin Arrow
30:01 Ballistics
32:50 Horse Collar
Ndrangheta
10:18 Loom
14:43 Feudal Age
15:20 Double-Bit Axe
19:39 Fletching
26:14 Castle Age
28:18 Medium Warships
27:48 Fishing Lines
28:18 Medium Warships
33:50 Bodkin Arrow
35:28 Fishing Lines
35:46 Fishing Lines
Drogadiccionman
12:25 Feudal Age
12:07 Loom
14:34 Town Watch
17:36 Castle Age
28:04 Padded Archer Armor
30:29 Double-Bit Axe
34:58 Imperial Age
32:55 Leather Archer Armor
33:57 Horse Collar
34:48 Bloodlines
35:13 Husbandry
35:24 Scale Barding Armor
Tamy Chan
5:36 Loom
13:34 Feudal Age
14:28 Gold Mining
14:25 Double-Bit Axe
15:25 Town Watch
16:43 Fishing Lines
21:38 Castle Age
20:05 Stone Mining
20:32 Fletching
20:42 Padded Archer Armor
23:01 Bodkin Arrow
23:07 Padded Archer Armor
26:28 Imperial Age
26:22 Wheelbarrow
25:46 Demolition Ship
26:56 Medium Warships
27:53 Conscription
31:33 Conscription
31:24 Gillnets
32:02 Crossbowman
33:45 Arbalester
36:14 Bow Saw
Connection lost

Rejoining the realm…

Still unreachable

The connection could not be restored.

Session expired

The server has moved on; the page needs a fresh start.